 Dungeon Crawl Stone Soup version 0.16-a0-3992-g631dd12 (webtiles) character file.

461 timbw the Ducker (level 7, -4/44 HPs)
             Began as a Halfling Gladiator on Feb 13, 2015.
             Was an Initiate of Dithmenos.
             Slain by Blork the orc
             ... wielding a +1 mace of protection
              (5 damage)
             ... on level 5 of the Dungeon.
             The game lasted 00:08:46 (1730 turns).

timbw the Ducker (Halfling Gladiator)               Turns: 1730, Time: 00:08:47

Health: -4/44      AC:  4    Str: 15    XL:     7   Next: 28%
Magic:  7/7        EV: 18    Int:  7    God:    Dithmenos [......]
Gold:   193        SH:  0    Dex: 17    Spells: 0 memorised, 6 levels left

rFire  + . .     SeeInvis +     a - +0 quarterstaff
rCold  . . .     Clarity  .     r - +0 leather armour (curse)
rNeg   . . .     SustAb   .     (no shield)
rPois  .         Gourm    .     l - +1 hat {SInv}
rElec  .         Spirit   .     (no cloak)
rCorr  .         Warding  .     (no gloves)
rMut   .         Stasis   .     (no boots)
MR     .....                    (no amulet)
Stlth  +.........               g - ring of protection from fire
                                y - ring of see invisible

@: not resistant to hostile enchantments, very unstealthy
A: mutation resistance 1
a: Renounce Religion


You were on level 5 of the Dungeon.
You worshipped Dithmenos.
Dithmenos was noncommittal.
You were not hungry.

You visited 1 branch of the dungeon, and saw 5 of its levels.

You collected 193 gold pieces.

Inventory:

Hand weapons
 a - a +0 quarterstaff (weapon)
 b - a +0 blowgun
Missiles
 i - 52 poisoned needles
 x - 8 tomahawks (quivered)
Armour
 c - a +0 helmet
 l - a +1 hat of see invisible (worn)
 r - a cursed +0 leather armour (worn)
 s - a +0 leather armour
Jewellery
 e - a +4 ring of intelligence
 g - a ring of protection from fire (right hand)
 y - a ring of see invisible (left hand)
Scrolls
 m - a scroll of noise {unknown}
 n - a scroll of blinking {unknown}
 o - a scroll of fog {unknown}
 q - a scroll of identify
 t - a scroll of remove curse {unknown}
 w - a scroll of teleportation {unknown}
Potions
 d - a potion of lignification
 h - 3 potions of curing
 j - 2 potions of heal wounds
 k - a potion of might
 p - a potion of berserk rage
Books
 u - Jessica's Collected Works on Hexes
   (You found it on level 3 of the Dungeon)

   Spells                             Type                      Level
   a - Corona                         Hexes                        1
Comestibles
 f - a bread ration
 v - a royal jelly


   Skills:
 - Level 1.7 Fighting
 * Level 5.3 Staves
 - Level 2.6 Throwing
 + Level 5.7 Dodging


You had 6 spell levels left.
You didn't know any spells.

Dungeon Overview and Level Annotations

Branches:
Dungeon (5/15)
 Temple: D:4-7

Altars:
Dithmenos
Fedhas

Annotations:
D:5 Blork the orc, Dowan, Duvessa, Eustachio


Innate Abilities, Weirdness & Mutations

You are small and have problems with some larger weapons.
You are somewhat resistant to further mutation.


Message History

Drink which item? (? for menu, Esc to quit)
You feel much better. Blork the orc misses you.
The giant newt hisses menacingly.
Eat which item? (? for menu, Esc to quit)
Okay, then.
Eat which item? (? for menu, Esc to quit)
Blork the orc gestures at you while chanting.
The puff of frost hits you!
Blork the orc hits you with a mace of protection!
* * * LOW HITPOINT WARNING * * *
You continue eating.
Blork the orc screams, "I'll drink your blood!
Soon!"
Blork the orc points at you and mumbles some strange words.
The magic dart hits you!
* * * LOW HITPOINT WARNING * * *
Dowan says, "Stay away from my face!"
You continue eating.
Blork the orc closely misses you.
Blork the orc hits you with a mace of protection.
You die...

##. #### ####.#
#...
##....#####.##
#..#.....#...#
.###.#..........#
................#
#.#...........el#
.##...?.####..Zo##
##...## #..##@#
#....# #..#####
##....# #..#
##.....###..##
#.......#..#
...........#
.......##.##
#...#### ..# ..###


You could see Blork the orc, Dowan, a giant cockroach zombie and a giant newt.

Vanquished Creatures
  An ice beast (D:4)
  A centaur (D:5)
  2 scorpions
  3 hounds
  A worker ant (D:4)
  Jessica (D:3)
  A worker ant zombie (D:4)
  2 adders
  A giant mite (D:5)
  3 giant geckos
  A bat (D:2)
  A giant cockroach (D:4)
  3 goblins
  9 hobgoblins
  6 kobolds
  A giant gecko skeleton (D:4)
  A giant newt (D:1)
  3 quokkas
  4 rats
45 creatures vanquished.

Notes
Turn   | Place    | Note
--------------------------------------------------------------
     0 | D:1      | timbw, the Halfling Gladiator, began the quest for the Orb.
     0 | D:1      | Reached XP level 1. HP: 14/14 MP: 1/1
    94 | D:1      | Reached XP level 2. HP: 13/19 MP: 2/2
   696 | D:4      | Reached XP level 3. HP: 16/24 MP: 3/3
   765 | D:3      | Noticed Jessica
   777 | D:3      | Killed Jessica
   777 | D:3      | Reached skill level 4 in Dodging
   805 | D:3      | Identified Jessica's Collected Works on Hexes
   848 | D:3      | Reached XP level 4. HP: 15/29 MP: 4/4
   873 | D:3      | HP: 1/29 [giant gecko (4)]
  1191 | D:5      | Entered Level 5 of the Dungeon
  1193 | D:5      | Noticed Eustachio
  1205 | D:4      | Reached XP level 5. HP: 23/34 MP: 5/5
  1385 | D:4      | Found a blossoming altar of Fedhas.
  1385 | D:4      | Found a shadowy altar of Dithmenos.
  1390 | D:4      | Became a worshipper of Dithmenos the Shadowed
  1434 | D:5      | Reached XP level 6. HP: 30/39 MP: 6/6
  1437 | D:5      | Noticed an ice beast
  1438 | D:5      | Noticed a centaur
  1457 | D:4      | Killed an ice beast
  1457 | D:4      | Reached skill level 5 in Dodging
  1458 | D:4      | Noticed a scorpion
  1467 | D:4      | Killed a scorpion
  1573 | D:5      | Killed a centaur
  1573 | D:5      | Reached skill level 5 in Staves
  1573 | D:5      | Reached XP level 7. HP: 36/44 MP: 7/7
  1679 | D:5      | Noticed Duvessa
  1679 | D:5      | Noticed Dowan
  1681 | D:5      | Noticed Blork the orc
  1729 | D:5      | HP: 1/44 [Blork the orc/magic dart (12)]
  1730 | D:5      | Slain by Blork the orc

Action                   |  1- 3 |  4- 6 |  7- 9 || total
-------------------------+-------+-------+-------++-------
Melee: Quarterstaff      |    60 |    64 |    41 ||   165
 Fire: Blowgun           |       |    12 |     2 ||    14
Throw: Throwing net      |     3 |     3 |       ||     6
  Use: Scroll            |       |     5 |       ||     5
       Potion            |       |     1 |     2 ||     3
 Stab: Held in net/web   |     1 |     3 |       ||     4
       Sleeping          |       |     1 |       ||     1
  Eat: Chunk             |       |     2 |       ||     2
       Bread ration      |       |       |     1 ||     1
